cohdb
Replays
Latest Replays
All Replays
Popular Replays
Top Player Replays
Match Explorer
How It Works
Community
CoH3 Stats
Reddit
Sign in to upload your games and track your stats! →
Sign in with Steam
Match 40813145
Unlisted
Match 40813145
Overview
Messages
Build Orders
End
Panzergrenadier Squad
250 Light Carrier
Panzergrenadier Squad
Construct Light Support Kompanie
Fire Support Elements
Selects Panzerjäger Kommand Battlegroup
Selects Mine Fields
Selects Tank Busters
Panzerjäger Squad
Flakvierling Half-track
2.5-tonne Medical Truck
Pak 38 Mechanized Group
Selects Early Warning
Early Warning
Construct Mechanized Kompanie
254 Reconnaissance Tractor
Construct Panzerarmee Kommand
Flakvierling Half-track
Selects Butterfly Bomb Drop
Early Warning
Butterfly Bomb Drop
18-tonne Recovery Half-track
Armored Reserves
Tiger Heavy Tank
Advanced Field Repairs
Butterfly Bomb Drop
Luckyman55
MrAdam
tadeosotomayor9
Boobnik
カルト_くん
狗可爱哈
ArT
rune41
0
0
Comments
sign in to comment!
No comments posted yet!